 Dungeon Crawl Stone Soup version 0.29.1-12-g30fa7ad0bf (webtiles) character file.

Game seed: 3253847888254358477

1906 JanusIIV the Cleaver (level 8, -3/74 HPs)
             Began as a Minotaur Fighter on Dec 28, 2022.
             Was an Initiate of Okawaru.
             Slain by a black bear (4 damage)
             ... created by the rage of Trog
             ... on level 5 of the Dungeon.
             The game lasted 00:11:38 (7810 turns).

JanusIIV the Cleaver (Minotaur Fighter)             Turns: 7810, Time: 00:11:39

Health: -3/74      AC: 10    Str: 20 (24) XL:     8   Next: 94%
Magic:  7/7        EV:  9    Int:  5      God:    Okawaru [......]
Gold:   234        SH:  4    Dex:  9      Spells: 7/7 levels left

rFire   . . .      SeeInvis +   a - +0 war axe
rCold   . . .      Faith    .   c - +0 buckler
rNeg    . . .      Spirit   .   b - +0 scale mail
rPois   .          Reflect  .   (helmet restricted)
rElec   .          Harm     .   t - +0 cloak
rCorr   .          Rampage  .   h - +0 pair of gloves
Will    .....                   (no boots)
Stlth   ..........              (no amulet)
HPRegen 0.22/turn               m - ring of see invisible
MPRegen 0.10/turn               (no ring)

@: hasted, very quick
A: horns 2, retaliatory headbutt
a: Renounce Religion


You were on level 5 of the Dungeon.
You worshipped Okawaru.
Okawaru was noncommittal.
You visited 2 branches of the dungeon, and saw 7 of its levels.

You collected 234 gold pieces.

Inventory:

Hand Weapons
 a - a +0 war axe (weapon)
Missiles
 A - a throwing net (quivered)
Armour
 b - a +0 scale mail (worn)
 c - a +0 buckler (worn)
 h - a +0 pair of gloves (worn)
 j - a +0 chain mail
 t - a +0 cloak (worn)
 v - an orb of mayhem
Jewellery
 m - a ring of see invisible (left hand)
Wands
 y - a wand of polymorph (6)
Scrolls
 d - a scroll of torment {unknown}
 e - 4 scrolls of immolation {unknown}
 f - 2 scrolls of enchant armour {unknown}
 g - 2 scrolls of identify {unknown}
 i - a scroll of noise {unknown}
 k - 2 scrolls of enchant weapon {unknown}
 o - 3 scrolls of teleportation {unknown}
 x - 2 scrolls of amnesia {unknown}
 z - a scroll of vulnerability {unknown}
Potions
 l - a potion of haste
 n - a potion of flight {unknown}
 p - a potion of heal wounds {unknown}
 q - a potion of berserk rage {unknown}
 r - a potion of curing {unknown}
 s - a potion of mutation {unknown}
 u - a potion of attraction {unknown}
 w - 2 potions of brilliance {unknown}


   Skills:
 - Level 8.1 Fighting
 + Level 9.7 Axes
 - Level 8.1 Armour
 - Level 3.6 Shields


You had 7 spell levels left.
You didn't know any spells.
Your spell library contained the following spells:

 Spells                   Type           Power      Damage    Failure   Level
 Ensorcelled Hibernation  Hex/Ice        0%         N/A       95%         2
 Passwall                 Tmut/Erth      0%         N/A       95%         2
 Spider Form              Tmut/Pois      0%         N/A       99%         3
 Swiftness                Air            0%         N/A       99%         3
 Anguish                  Hex/Necr       0%         N/A       100%        4


Dungeon Overview and Level Annotations

Branches:
Dungeon (6/15)             Temple (1/1) D:5

Altars:
Ashenzari
Dithmenos
Elyvilon
Gozag
Hepliaklqana
Makhleb
Okawaru
Ru
Sif Muna
Trog
Uskayaw
Vehumet
Wu Jian
Xom
Yredelemnul
Zin
The Shining One

Shops:
D:3 ?


Innate Abilities, Weirdness & Mutations

You have a pair of horns on your head.
You reflexively headbutt those who attack you in melee.


Message History

You start resting.
Trog sends monsters to punish you.
A polar bear and 3 black bears come into view.
Okay, then.
You feel yourself speed up.
Things that are here:
a +0 club; a gnoll corpse The black bear attacks as you move away!
The black bear bites you but does no damage.
The black bear claws you but does no damage.
The black bear closely misses you.
You hear an angry growl.
The black bear rages.
The black bear bites you. The black bear claws you.
The black bear barely misses you.
The black bear attacks as you move away!
The black bear bites you.
The black bear claws you but does no damage.
You block the black bear's attack.
The polar bear rages.
The black bear attacks as you move away!
The black bear bites you!
* * * LOW HITPOINT WARNING * * *
The black bear barely misses you.
The black bear claws you but does no damage.
The black bear rages.
The black bear attacks as you move away!
The black bear bites you!
* * * LOW HITPOINT WARNING * * *
The black bear closely misses you.
The black bear claws you but does no damage.
The black bear attacks as you move away!
The black bear bites you!
* * * LOW HITPOINT WARNING * * *
The black bear claws you but does no damage.
The black bear closely misses you.
The black bear attacks as you move away!
The black bear bites you but does no damage.
The black bear claws you.
You die...

....########.#########.###.......
....####.....#.......#.....##.###
....#.##.###.#.#######.######.#
.○..#.##.###.............<...†#
....#).......#.######..######.#
....#....###...##)............#
...°#....# #.#.##..##...#####.#
....#.##.###............# #.#
....#.......hh.h@.......# #.###
....#....)..h....:....#.# #...#
....#.##>)..............## ###.#
....#.##.#####..#.##.....# #.#
....#.##.h.............#.#### #.#
....#........#..............# #.#
..°.#.............#.#..#...## #.#
#####.##.###.#.##.#.#..###.####.#
...###.......#.##................


You could see a polar bear (berserk) and 3 black bears.

Vanquished Creatures
  A wraith (D:5)
  Menkaure (D:5)
  A water moccasin (D:5)
  Duvessa (D:6)
  An ogre (D:5)
  A centaur (D:5)
  A phantom (D:5)
  4 scorpions
  A necrophage (D:6)
  Dowan (D:6)
  Crazy Yiuf (D:4)
  2 orc priests
  7 hounds
  A gnoll bouda (D:6)
  5 iguanas
  Jessica (D:3)
  6 orc wizards
  2 gnolls (D:5)
  7 adders
  A shadow imp (D:5)
  A white imp (D:3)
  3 worms
  2 dart slugs
  23 orcs
  6 ball pythons
  3 bats
  6 endoplasms
  2 giant cockroaches
  8 hobgoblins
  6 quokkas
  3 frilled lizards
  4 goblins
  4 kobolds
  3 rats
120 creatures vanquished.

Vanquished Creatures (others)
  A hound (D:5)
  An adder (D:5)
  A fungus (D:4)
3 creatures vanquished.

Grand Total: 123 creatures vanquished

Notes
Turn   | Place    | Note
-------+----------+-------------------------------------------
     0 | D:1      | JanusIIV the Minotaur Fighter began the quest for the Orb.
     0 | D:1      | Reached XP level 1. HP: 19/19 MP: 0/0
   150 | D:1      | Reached skill level 3 in Axes
   371 | D:1      | Reached XP level 2. HP: 24/26 MP: 1/1
   710 | D:1      | Reached skill level 4 in Axes
   996 | D:2      | Reached XP level 3. HP: 21/31 MP: 2/2
  1156 | D:2      | Found a white marble altar of Elyvilon.
  1702 | D:2      | Reached skill level 5 in Axes
  1983 | D:3      | Found a bloodstained altar of Trog.
  2036 | D:3      | Reached XP level 4. HP: 37/39 MP: 3/3
  2237 | D:3      | Reached skill level 6 in Axes
  2669 | D:3      | Reached XP level 5. HP: 42/45 MP: 4/4
  2692 | D:3      | Noticed Jessica
  2699 | D:3      | Found Jitus's Magic Scroll Emporium.
  2777 | D:3      | Killed Jessica
  2849 | D:3      | Became a worshipper of Trog the Wrathful
  2885 | D:3      | Found a faded altar of an unknown god.
  2987 | D:4      | Reached skill level 7 in Axes
  3015 | D:4      | Identified the +11 hammer of Disembowelment {holy, Drain
                  | rCorr Str+5 Int+4}
  3025 | D:4      | Found a runed translucent door.
  3026 | D:4      | Noticed Crazy Yiuf
  3231 | D:4      | Killed Crazy Yiuf
  3697 | D:4      | Reached XP level 6. HP: 38/51 MP: 5/5
  3794 | D:4      | Reached skill level 8 in Axes
  4200 | D:4      | Reached * piety under Trog
  4375 | D:4      | Reached skill level 9 in Axes
  4920 | D:5      | Entered Level 5 of the Dungeon
  4925 | D:5      | Reached XP level 7. HP: 58/58 MP: 6/6
  4953 | D:5      | Noticed a wraith
  4971 | D:5      | Killed a wraith
  4972 | D:5      | Reached skill level 5 in Fighting
  5781 | D:5      | Noticed Menkaure
  5802 | D:5      | Killed Menkaure
  5803 | D:5      | Reached XP level 8. HP: 43/74 MP: 7/7
  6049 | D:5      | Reached skill level 5 in Armour
  6276 | D:5      | Found a staircase to the Ecumenical Temple.
  6285 | Temple   | Entered the Ecumenical Temple
  6487 | Temple   | Fell from the grace of Trog
  6487 | Temple   | Became a worshipper of Warmaster Okawaru
  7065 | D:6      | Noticed Dowan
  7066 | D:6      | Noticed Duvessa
  7076 | D:6      | Killed Dowan
  7080 | D:6      | Killed Duvessa
  7801 | D:5      | Noticed a polar bear
  7809 | D:5      | HP: 1/74 [black bear[the rage of Trog] (7)]
  7810 | D:5      | Slain by a black bear

Illustrated notes

Levels and vault maps discovered:
D:1:      minmay_arrival_semitransparent, layout_loops_ring
D:2:      layout_loops_cross, basic_altar, hangedman_glass_teeth
D:3:      layout_loops_ring, mainiacjoe_overflow_boulevard,
          nicolae_ecumenical_oubliette, serial_shops, nicolae_shop_waterfront,
          uniq_jessica
D:4:      layout_basic, uniq_crazy_yiuf_cottage
D:5:      layout_basic, lemuel_temple_firewalk_b, uniq_menkaure
D:6:      layout_cave_pools, nicolae_benzene_ring, kennysheep_small_square,
          uniq_sigmund, uniq_duvessa
Temple:   bh_familiar_temple

Skill      XL: |  1  2  3  4  5  6  7  8 |
---------------+-------------------------+-----
Axes           | 3 4 5 6 7 9 |  9.7
Fighting       | 8 |  8.1
Armour         | 8 |  8.1
Shields        | |  3.6

Action                   |  1- 3 |  4- 6 |  7- 9 || total
-------------------------+-------+-------+-------++-------
Melee: War axe           |    95 |   123 |   135 ||   353
       Headbutt          |    15 |    11 |    26 ||    52
Invok: Berserk           |       |       |     1 ||     1
  Use: Potion            |       |       |     3 ||     3
Armor: Scale mail        |    41 |    41 |    68 ||   150
Dodge: Dodged            |    35 |    57 |    82 ||   174
Block: Buckler           |    23 |    20 |    29 ||    72
